 Dungeon Crawl Stone Soup version 0.24-a0-235-g3f03afc (webtiles) character file.

Game seed: 735795413201387663

445 vorskei the Grave Robber (level 7, -18/50 HPs)
             Began as a Gnoll Necromancer on Apr 7, 2019.
             Demolished by an ogre
             ... wielding a +0 giant club
              (32 damage)
             ... on level 5 of the Dungeon.
             The game lasted 00:28:33 (4572 turns).

vorskei the Grave Robber (Gnoll Necromancer)        Turns: 4572, Time: 00:28:34

Health: -18/50     AC:  2    Str: 11    XL:     7   Next: 3%
Magic:  0/15       EV: 15    Int: 19    God:
Gold:   177        SH:  0    Dex: 15    Spells: 6/16 levels left

rFire    . . .     SeeInvis .   a - +0 mace (drain)
rCold    . . .     Gourm    .   (no shield)
rNeg     . . .     Faith    .   i - +0 robe
rPois    .         Spirit   .   q - +0 hat
rElec    .         Reflect  .   (no cloak)
rCorr    .         Harm     .   (no gloves)
MR       .....                  (no boots)
Stlth    +++.......             (no amulet)
HPRegen  0.16/turn              (no ring)
MPRegen  0.14/turn              (no ring)

@: very slightly contaminated
A: distributed training, fangs 1, strong nose
a: no special abilities


You were on level 5 of the Dungeon.
You were very hungry.

You visited 1 branch of the dungeon, and saw 5 of its levels.

You collected 177 gold pieces.

Inventory:

Hand Weapons
 a - a +0 mace of draining (weapon)
 b - a +0 arbalest
 d - a +0 spear
 k - a +3 short sword
 r - a +0 spear of piercing
 F - a cursed -2 trident
Missiles
 m - 107 stones (quivered)
 s - 17 arrows
 v - 22 sling bullets
 z - 51 bolts
 E - 13 poisoned needles
Armour
 f - a +0 shield
 i - a +0 robe (worn)
 n - a +0 plate armour
 p - a +0 scale mail
 q - a +0 hat (worn)
 u - a +0 scale mail
 A - a +0 chain mail
 B - a +0 large shield
Scrolls
 e - 3 scrolls of teleportation
 h - a scroll of remove curse
 y - a scroll of immolation {unknown}
 C - a scroll of identify {unknown}
 D - a scroll of magic mapping {unknown}
 G - a scroll of random uselessness {unknown}
Potions
 g - a potion of resistance {unknown}
 j - a potion of degeneration {unknown}
 l - 2 potions of heal wounds {unknown}
 o - a potion of ambrosia {unknown}
 t - a potion of lignification {unknown}
 w - a potion of might {unknown}
 x - a potion of berserk rage {unknown}
Comestibles
 c - 7 rations


   Skills:
 + Level 2.2 Fighting
 + Level 2.2 Short Blades
 + Level 2.2 Long Blades
 + Level 2.2 Axes
 + Level 2.2 Maces & Flails
 + Level 2.2 Polearms
 + Level 2.2 Staves
 + Level 2.2 Slings
 + Level 2.2 Bows
 + Level 2.2 Crossbows
 + Level 2.2 Throwing
 + Level 2.2 Armour
 + Level 5.1 Dodging
 + Level 4.7 Stealth
 + Level 2.2 Shields
 + Level 2.2 Unarmed Combat
 + Level 5.4 Spellcasting
 + Level 1.7 Conjurations
 + Level 1.7 Hexes
 + Level 1.7 Charms
 + Level 1.7 Summonings
 + Level 7.3 Necromancy
 + Level 1.7 Translocations
 + Level 1.7 Transmutations
 + Level 1.7 Fire Magic
 + Level 1.7 Ice Magic
 + Level 1.7 Air Magic
 + Level 1.7 Earth Magic
 + Level 1.7 Poison Magic
 + Level 2.4 Invocations
 + Level 2.2 Evocations


You had 6 spell levels left.
You knew the following spells:

 Your Spells              Type           Power        Failure   Level  Hunger
a - Animate Skeleton      Necr           N/A          1%          1    None
d - Blink                 Tloc           N/A          9%          2    None
q - Pain                  Necr           ####         1%          1    None
s - Regeneration          Chrm/Necr      ###.......   5%          3    ##.....
w - Mephitic Cloud        Conj/Pois/Air  ##......     17%         3    ##.....

Your spell library contained the following spells:

 Spells                   Type           Power        Failure   Level  Hunger
 Vampiric Draining        Necr           ####......   1%          3    ##.....
 Magic Dart               Conj           ##..         6%          1    None
 Animate Dead             Necr           N/A          6%          4    ####...
 Call Imp                 Summ           ##......     9%          2    None
 Slow                     Hex            ##......     9%          2    None
 Conjure Flame            Conj/Fire      ##......     17%         3    ##.....


Dungeon Overview and Level Annotations

Branches:
Dungeon (5/15)
 Temple: D:4-7

Altars:
Ashenzari
Elyvilon
Hepliaklqana
Nemelex Xobeh
Trog
Uskayaw
Zin
The Shining One

Annotations:
D:3 Pikel
D:4 Eustachio


Innate Abilities, Weirdness & Mutations

Your experience applies equally to all skills.
You have very sharp teeth.
Your uncanny sense of smell can sniff out nearby items.


Message History

Press: ? - help, Shift-Dir - straight line You miscast Mephitic Cloud.
You feel a strange surge of energy!
You hit the ogre but do no damage. The ogre closely misses you.
You hit the ogre.
The ogre is lightly wounded.
The ogre barely misses you.
You sock the ogre! Your bite misses the ogre.
The ogre is moderately wounded.
The ogre hits you with a +0 giant club!!
Ouch! That really hurt!
* * * LOW HITPOINT WARNING * * *
Casting: Mephitic Cloud (safe; 17% risk of failure)
Confirm with . or Enter, or press ? or * to list all spells.
You blink.
The ogre closely misses you.
Casting: Blink (safe; 9% risk of failure)
Confirm with . or Enter, or press ? or * to list all spells.
You don't have enough magic to cast that spell.
The ogre hits you with a +0 giant club!!
Ouch! That really hurt!
You die...

#...# ##.#
##......##
#...###..#
######.#
#....##.## #.#
#....##.#######
#..
#..............
∆....
###...#.#######
#...
#####....##)#
#.O.
#.....##.##.#
....
#....###.@O.#
....
####.###..###
#........#
#####......#
#.###.... #.#
.### #.# # #.#
..#


You could see an ogre.

Vanquished Creatures
  Sigmund (D:2)
  An ogre (D:5)
  An orc wizard (D:4)
  Natasha (thrice) (D:2)
  2 adders (D:2)
  An ooze (D:3)
  8 worms
  A dart slug (D:4)
  A leopard gecko (D:3)
  5 orcs
  4 bats
  6 giant cockroaches
  4 hobgoblins (D:2)
  A quokka (D:3)
  4 frilled lizards
  4 goblins
  3 kobolds
  9 rats
59 creatures vanquished.

Notes
Turn   | Place    | Note
-------+----------+-------------------------------------------
     0 | D:1      | vorskei the Gnoll Necromancer began the quest for the Orb.
     0 | D:1      | Reached XP level 1. HP: 13/13 MP: 6/6
    52 | D:1      | Learned a level 1 spell: Animate Skeleton
  1260 | D:2      | Reached XP level 2. HP: 10/19 MP: 0/7
  1411 | D:2      | Found a glowing silver altar of Zin.
  1411 | D:2      | Found a white marble altar of Elyvilon.
  1412 | D:2      | Found a glowing golden altar of the Shining One.
  1493 | D:2      | Noticed Natasha
  1804 | D:2      | Reached skill level 5 in Spellcasting
  1804 | D:2      | Reached XP level 3. HP: 9/25 MP: 3/9
  2115 | D:2      | Killed Natasha
  2115 | D:2      | Reached skill level 1 in Fighting
  2115 | D:2      | Reached skill level 1 in Short Blades
  2115 | D:2      | Reached skill level 1 in Long Blades
  2115 | D:2      | Reached skill level 1 in Axes
  2115 | D:2      | Reached skill level 1 in Maces & Flails
  2115 | D:2      | Reached skill level 1 in Polearms
  2115 | D:2      | Reached skill level 1 in Staves
  2115 | D:2      | Reached skill level 1 in Slings
  2115 | D:2      | Reached skill level 1 in Bows
  2115 | D:2      | Reached skill level 1 in Crossbows
  2115 | D:2      | Reached skill level 1 in Throwing
  2115 | D:2      | Reached skill level 1 in Armour
  2115 | D:2      | Reached skill level 1 in Shields
  2115 | D:2      | Reached skill level 1 in Unarmed Combat
  2115 | D:2      | Reached skill level 1 in Invocations
  2115 | D:2      | Reached skill level 1 in Evocations
  2190 | D:2      | Reached XP level 4. HP: 30/32 MP: 8/11
  2192 | D:2      | Noticed Sigmund
  2245 | D:1      | Learned a level 3 spell: Regeneration
  2569 | D:2      | Noticed Natasha
  2700 | D:2      | Killed Natasha
  2703 | D:2      | Reached skill level 1 in Conjurations
  2703 | D:2      | Reached skill level 1 in Hexes
  2703 | D:2      | Reached skill level 1 in Charms
  2703 | D:2      | Reached skill level 1 in Summonings
  2703 | D:2      | Reached skill level 1 in Translocations
  2703 | D:2      | Reached skill level 1 in Transmutations
  2703 | D:2      | Reached skill level 1 in Fire Magic
  2703 | D:2      | Reached skill level 1 in Ice Magic
  2703 | D:2      | Reached skill level 1 in Air Magic
  2703 | D:2      | Reached skill level 1 in Earth Magic
  2703 | D:2      | Reached skill level 1 in Poison Magic
  2819 | D:2      | Learned a level 2 spell: Blink
  2823 | D:2      | Learned a level 3 spell: Mephitic Cloud
  2923 | D:2      | Killed Sigmund
  2923 | D:2      | Reached XP level 5. HP: 35/38 MP: 6/12
  2923 | D:2      | Reached XP level 6. HP: 40/44 MP: 6/13
  3228 | D:2      | Found a hazy altar of Hepliaklqana.
  3258 | D:2      | Noticed Natasha
  3266 | D:2      | Killed Natasha
  3567 | D:3      | Found a shattered altar of Ashenzari.
  3630 | D:3      | Found a white marble altar of Elyvilon.
  3855 | D:3      | Noticed a moth of wrath
  3858 | D:3      | Found a bloodstained altar of Trog.
  3881 | D:3      | Reached skill level 5 in Dodging
  4001 | D:4      | Found a hide-covered altar of Uskayaw.
  4015 | D:4      | Found a sparkling altar of Nemelex Xobeh.
  4042 | D:4      | Noticed Eustachio
  4266 | D:4      | Noticed a slave
  4288 | D:4      | Noticed Pikel
  4340 | D:4      | Noticed a slave
  4391 | D:5      | Entered Level 5 of the Dungeon
  4557 | D:5      | Reached XP level 7. HP: 36/50 MP: 3/15
  4572 | D:5      | Demolished by an ogre

Levels and vault maps discovered:
D:1:      shiori_arrival_elements, layout_basic
D:2:      layout_loops_cross, good_gods_temple_1, marbit_many_paths,
          uniq_sigmund, uniq_natasha
D:3:      layout_rooms, lemuel_doored_altar, tgw_trog, lemuel_altar_in_water
D:4:      layout_rooms, lemuel_crystal_altar, old_standard_altar, first_ration,
          uniq_eustachio, uniq_pikel
D:5:      layout_rooms, lemuel_crystal_altar, serial_shops,
          nicolae_shop_waterfront, kennysheep_mini, nicolae_shop_crystal,
          nicolae_shop_stone, shop, minmay_chambers_of_fives

Skill      XL: |  1  2  3  4  5  6 |
---------------+-------------------+-----
Spellcasting   | 5 |  5.4
Fighting       | 1 2 |  2.2
Short Blades   | 1 2 |  2.2
Long Blades    | 1 2 |  2.2
Axes           | 1 2 |  2.2
Maces & Flails | 1 2 |  2.2
Polearms       | 1 2 |  2.2
Staves         | 1 2 |  2.2
Slings         | 1 2 |  2.2
Bows           | 1 2 |  2.2
Crossbows      | 1 2 |  2.2
Throwing       | 1 2 |  2.2
Armour         | 1 2 |  2.2
Shields        | 1 2 |  2.2
Unarmed Combat | 1 2 |  2.2
Invocations    | 1 2 |  2.4
Evocations     | 1 2 |  2.2
Conjurations   | 1 |  1.7
Hexes          | 1 |  1.7
Charms         | 1 |  1.7
Summonings     | 1 |  1.7
Translocations | 1 |  1.7
Transmutations | 1 |  1.7
Fire Magic     | 1 |  1.7
Ice Magic      | 1 |  1.7
Air Magic      | 1 |  1.7
Earth Magic    | 1 |  1.7
Poison Magic   | 1 |  1.7
Dodging        | 5 |  5.1
Stealth        | |  4.7
Necromancy     | |  7.3

Action                   |  1- 3 |  4- 6 |  7- 9 || total
-------------------------+-------+-------+-------++-------
Melee: Spear             |    16 |    56 |       ||    72
       Bite              |       |    12 |       ||    12
       Punch             |       |     3 |       ||     3
       Mace              |       |    46 |     3 ||    49
 Cast: Pain              |    28 |    58 |       ||    86
       Animate Skeleton  |     6 |    10 |       ||    16
       Regeneration      |       |     8 |       ||     8
       Mephitic Cloud    |       |     5 |       ||     5
       Blink             |       |     2 |     1 ||     3
  Use: Scroll            |       |     2 |       ||     2
 Stab: Sleeping          |     1 |     5 |       ||     6
       Confused          |       |     4 |       ||     4
       Distracted        |       |     1 |       ||     1
  Eat: Chunk             |     3 |     8 |       ||    11
Armor: Robe              |       |     4 |       ||     4
       Scale mail        |       |    20 |       ||    20
Dodge: Dodged            |    10 |    82 |     3 ||    95

Table legend:
 A = Non-vault XP
 B = Vault XP
 C = Vault XP percentage of total XP
 D = Non-vault monster count
 E = Vault monster count
 F = Vault count percentage of total count
                 A         B        C        D         E       F
            +---------+---------+-------+---------+---------+-------
      Total |     360 |     276 |  43.4 |      51 |       8 |  13.6
            +---------+---------+-------+---------+---------+-------
        D:1 |       8 |       0 |   0.0 |       6 |       0 |   0.0
        D:2 |     138 |     264 |  65.7 |      24 |       3 |  11.1
        D:3 |      36 |      12 |  25.0 |      13 |       5 |  27.8
        D:4 |      53 |       0 |   0.0 |       6 |       0 |   0.0
        D:5 |     125 |       0 |   0.0 |       2 |       0 |   0.0
            +---------+---------+-------+---------+---------+-------
